 Dungeon Crawl Stone Soup version 0.22-a0-395-gfed312b (webtiles) character file.

10631 Serpenta the Blocker (level 11, -3/89 HPs)
             Began as a Mummy Chaos Knight on May 3, 2018.
             Killed from afar by a storm dragon (37 damage)
             ... with a bolt of lightning
             ... on level 8 of the Dungeon.
             The game lasted 00:22:42 (14028 turns).

Serpenta the Blocker (Mummy Chaos Knight)          Turns: 14028, Time: 00:22:43

Health: -3/89      AC: 18    Str: 20    XL:     11   Next: 38%
Magic:  15/15      EV:  4    Int: 12    God:    Xom [....*.]
Gold:   470        SH: 25    Dex: 13    Spells: 10/10 levels left

rFire    x . .     SeeInvis +   q - +0 war axe
rCold    + + .     Gourm    .   p - +8 large shield "Hakhouho" {SInv}
rNeg     + + +     Faith    .   x - +0 plate armour
rPois    ∞         Spirit   .   (no helmet)
rElec    .         Reflect  .   u - +0 cloak
rCorr    .         Harm     .   c - +2 pair of gloves
MR       +....                  f - +0 pair of boots (curse)
Stlth    ..........             (no amulet)
HPRegen  0.24/turn              n - +4 ring of slaying
MPRegen  0.14/turn              k - ring of the Octopus King {rC+ AC+1 EV+1 Str+1 Int+1 Dex+1}

@: very slightly contaminated
A: no food or potions, fire vulnerability, cold resistance 1, negative energy
resistance 3, torment resistance, unbreathing
a: Renounce Religion


You were on level 8 of the Dungeon.
You worshipped Xom.
You were a beloved toy of Xom.
You were not hungry.

You visited 1 branch of the dungeon, and saw 12 of its levels.

You collected 470 gold pieces.


Innate Abilities, Weirdness & Mutations

You do not eat or drink.
Your flesh is vulnerable to fire.
You are immune to poison.
Your flesh is cold resistant. (rC+)
You are immune to negative energy. (rN+++)
You are immune to unholy pain and torment.
You can survive without breathing.


   Skills:
 - Level 9.0 Fighting
 - Level 7.3 Axes
 + Level 4.4 Armour
 - Level 0.7 Dodging
 - Level 9.0 Shields
 - Level 6.0 Evocations


You had 10 spell levels left.
You didn't know any spells.

Action                   |  1- 3 |  4- 6 |  7- 9 | 10-12 || total
-------------------------+-------+-------+-------+-------++-------
Melee: Hand axe          |   117 |   117 |    96 |       ||   330
       War axe           |       |       |   300 |   429 ||   729
Throw: Tomahawk          |       |       |    16 |    18 ||    34
Evoke: Wand              |       |       |     5 |     4 ||     9
       Fan of gales      |       |       |       |     1 ||     1
  Use: Scroll            |       |     4 |     8 |     4 ||    16
 Stab: Paralysed         |     1 |       |     1 |       ||     2
       Petrified         |       |       |     4 |       ||     4
Armor: Leather armour    |    46 |    16 |       |       ||    62
       Chain mail        |       |    47 |   111 |    52 ||   210
       Plate armour      |       |       |       |    95 ||    95
Dodge: Dodged            |    69 |    41 |    35 |    36 ||   181
Block: Large shield      |       |       |   400 |   525 ||   925

Inventory:

Hand Weapons
 a - a +1 hand axe of chaos
 m - a +4 hand axe
 q - a +0 war axe (weapon)
Missiles
 b - 25 tomahawks (quivered)
 r - a throwing net
Armour
 c - a +2 pair of gloves (worn)
 f - a cursed +0 pair of boots (worn)
 p - the +8 large shield "Hakhouho" (worn) {SInv}
   (You found it on level 4 of the Dungeon)

   It lets you see invisible.
 u - a +0 cloak (worn)
 x - a +0 plate armour (worn)
Jewellery
 k - a ring of the Octopus King (right hand) {rC+ AC+1 EV+1 Str+1 Int+1 Dex+1}
   (You found it on level 11 of the Dungeon)

   [ring of protection from cold]

   It affects your AC (+1).
   It affects your evasion (+1).
   It affects your strength (+1).
   It affects your intelligence (+1).
   It affects your dexterity (+1).
   It protects you from cold.
 n - a +4 ring of slaying (left hand)
Wands
 d - a wand of flame (41)
 o - a wand of disintegration (2)
 v - a wand of enslavement (10)
Scrolls
 e - 4 scrolls of remove curse
 g - 2 scrolls of fear
 h - 3 scrolls of enchant weapon
 i - 2 scrolls of teleportation
 j - a scroll of identify
 l - a scroll of amnesia
 s - 2 scrolls of magic mapping
 y - a scroll of immolation
Miscellaneous
 t - a fan of gales (inert) {god gift}

####.................
#....D...............
#....######..........
#....# #..........
#....# #..........
#....# ######.....
#....# .......
#....### #.......
#...@..# #...Y...
#......# . ##.....# .
#.....# ...
#)....####..?.>
#..............
#.....###.....#
#.....# ..... #.....#
....


You could see a storm dragon.

Vanquished Creatures
  2 two-headed ogres
  A death yak (D:7)
  A manticore (D:11)
  The ghost of Kairos the Chopper, a novice DDMo (D:4)
  A troll (D:11)
  2 hornets
  The ghost of zero the Firebug, an amateur DrFE (D:3)
  A blink frog (D:4)
  A hippogriff (D:11)
  Sigmund (D:2)
  A meliai zombie (D:11)
  A shadow (D:11)
  A wraith (D:11)
  A wyvern (D:11)
  A fire bat (D:5)
  A hungry ghost (D:4)
  3 yaks
  A basilisk (D:10)
  A warg (D:4)
  4 orc warriors
  A swamp drake (D:10)
  4 sky beasts
  3 slaves (D:4)
  2 ice beasts
  4 ogres
  6 centaurs
  3 big kobolds (D:11)
  3 bullfrogs
  3 scorpions
  7 killer bees
  4 wights (D:10)
  A crimson imp (D:11)
  6 howler monkeys
  2 bullfrog zombies
  A quasit (D:9)
  2 jellies
  5 hounds
  Crazy Yiuf (D:2)
  A centaur skeleton (D:4)
  3 orc priests (D:10)
  9 orc wizards
  Terence (D:3)
  3 iguanas
  8 worker ants
  Natasha (twice) (D:3)
  A howler monkey zombie (D:6)
  A worker ant zombie (D:6)
  11 adders
  8 gnolls
  3 shadow imps
  3 oozes
  An adder zombie (D:9)
  An adder skeleton (D:6)
  A worm (D:2)
  3 dart slugs
  6 leopard geckos
  An orc (shapeshifter) (D:1)
  24 orcs
  6 giant cockroaches
  7 goblins
  8 hobgoblins
  13 jackals
  4 quokkas
  7 bats
  5 frilled lizards
  18 kobolds
  A quokka skeleton (D:6)
  10 rats
255 creatures vanquished.

Vanquished Creatures (collateral kills)
  A death yak (D:8)
  An acid dragon (D:9)
  A sky beast (D:7)
  2 bullfrogs (D:7)
  A scorpion (D:7)
  3 killer bees (D:9)
  A centaur zombie (D:7)
  A quasit (D:7)
  A centaur skeleton (D:7)
  An orc (D:7)
  A quokka (D:7)
14 creatures vanquished.

Vanquished Creatures (others)
  An orc (D:3)
1 creature vanquished.

Grand Total: 270 creatures vanquished

Vault maps used:
D:1:      minmay_arrival_jagged, amethyst_killhole, serial_bayou_lagoon_a
D:2:      uniq_crazy_yiuf_cottage, uniq_sigmund
D:3:      kennysheep_big_flooded_room, minmay_misc_feat_room, uniq_natasha,
          uniq_terence
D:4:      temple_hall, kennysheep_generic_room_5, uniq_pikel
D:5:      first_ration, basic_altar, hangedman_decor_lopped
D:7:      basic_altar, nicolae_tso_swordbearing_angel
D:8:      dpeg_lair_monsters
D:9:      nicolae_overflow_crystal_walls
D:10:     erik_orc_1
D:11:     blue_anna_alchemist
D:12:     basic_altar


Message History

No target in view!
No target in view!
You see here 20 poisoned needles.
The storm dragon roars deafeningly!
The storm dragon breathes lightning at you.
The bolt of lightning hits you! x2
You see here 20 stones.
Okay, then.
Blink to where?
Press: ? - help, Dir - move target cursor
Okay, then.
Unknown command.
Blink to where?
Press: ? - help, Dir - move target cursor You are very lightly contaminated with residual magic.
As you read the scroll of blinking, it crumbles to dust.
The storm dragon breathes lightning at you.
The bolt of lightning hits you!
You die...
Xom titters!

Notes
Turn   | Place    | Note
-------+----------+-------------------------------------------
     0 | D:1      | Serpenta the Mummy Chaos Knight began the quest for the Orb.
     0 | D:1      | Reached XP level 1. HP: 18/18 MP: 1/1
   134 | D:1      | Reached XP level 2. HP: 18/24 MP: 2/2
   676 | D:1      | Reached XP level 3. HP: 26/29 MP: 3/3
  1140 | D:2      | XOM: harmless Ice miscast
  1197 | D:2      | XOM: harmless Tloc miscast
  1216 | D:2      | Noticed Sigmund
  1230 | D:2      | Killed Sigmund
  1230 | D:2      | Reached skill level 5 in Axes
  1230 | D:2      | Reached XP level 4. HP: 2/35 MP: 4/4
  1230 | D:2      | Reached XP level 5. HP: 3/41 MP: 5/5
  1404 | D:1      | XOM: silly message
  1622 | D:2      | Found a runed door.
  2013 | D:3      | Noticed Natasha
  2022 | D:3      | XOM: noise
  2023 | D:3      | Killed Natasha
  2164 | D:3      | Reached XP level 6. HP: 47/47 MP: 6/6
  2402 | D:3      | Noticed Natasha
  2413 | D:3      | XOM: destruction
  2416 | D:3      | Killed Natasha
  2841 | D:3      | Noticed zero's ghost (amateur DrFE)
  2844 | D:3      | Noticed Natasha
  2850 | D:3      | XOM: divination: detect items
  2858 | D:3      | XOM: harmless Summ miscast
  2859 | D:3      | Noticed Natasha
  2859 | D:3      | Natasha changed into Natasha the ooze
  2859 | D:3      | XOM: polymorph Natasha -> Natasha the ooze
  2877 | D:3      | XOM: harmless Ice miscast
  3073 | D:4      | XOM: noise
  3282 | D:4      | Noticed a hungry ghost
  3294 | D:4      | Killed a hungry ghost
  3294 | D:4      | Reached XP level 7. HP: 41/52 MP: 7/7
  3378 | D:4      | Noticed Pikel
  3407 | D:4      | XOM: summons friendly white imp
  3413 | D:4      | Noticed Pikel
  3413 | D:4      | Pikel changed into Pikel the warg
  3413 | D:4      | XOM: polymorph Pikel -> Pikel the warg
  3414 | D:4      | XOM: enchant monster (good)
  3455 | D:3      | Noticed Terence
  3458 | D:3      | Killed Terence
  3709 | D:4      | Noticed Kairos's ghost (novice DDMo)
  3736 | D:4      | XOM: noise
  3821 | D:4      | XOM: cast spell 'Alistair's Intoxication'
  3903 | D:3      | XOM: scenery: 1 doors close
  3937 | D:4      | XOM: cleaving
  3972 | D:4      | XOM: enchant monster (good)
  3996 | D:4      | Got a twisted large shield
  4009 | D:5      | Entered Level 5 of the Dungeon
  4101 | D:5      | Identified the +8 large shield "Hakhouho" {SInv} (You found it on level 4 of the Dungeon)
  4188 | D:5      | Reached skill level 1 in Shields
  4197 | D:5      | Found a stormy altar of Qazlal.
  4309 | D:5      | XOM: scenery: create altars
  4397 | D:5      | Noticed a fire bat
  4397 | D:5      | an ice beast changed into a fire bat
  4397 | D:5      | XOM: polymorph ice beast -> fire bat
  4404 | D:5      | XOM: fog
  4417 | D:5      | XOM: cloud trail
  4588 | D:6      | Reached XP level 8. HP: 46/58 MP: 8/8
  4847 | D:6      | XOM: enchant monster (good)
  4948 | D:6      | XOM: cleaving
  4954 | D:6      | Reached skill level 5 in Shields
  5116 | D:5      | XOM: summons 3 hostile shadow creatures
  5210 | D:5      | XOM: divination: detect items
  5319 | D:6      | XOM: stat loss: -1 Int (10/11)
  5361 | D:6      | XOM: cloud trail
  5386 | D:7      | XOM: summons friendly smoke demon
  5487 | D:7      | Found a shimmering altar of Xom.
  5502 | D:7      | XOM: polymorph killer bee -> iguana
  5517 | D:7      | XOM: polymorph killer bee -> gnoll
  5524 | D:7      | Reached XP level 9. HP: 32/66 MP: 9/9
  5980 | D:7      | XOM: harmless Pois miscast
  6160 | D:7      | XOM: mild Summ miscast
  6205 | D:7      | XOM: medium Tmut miscast
  6250 | D:7      | Found a glowing golden altar of the Shining One.
  6403 | D:5      | Reached skill level 5 in Fighting
  6891 | D:4      | XOM: confuse monster(s)
  6917 | D:4      | XOM: harmless Conj miscast
  6922 | D:4      | XOM: polymorph slave -> blink frog
  6932 | D:4      | Killed Pikel the warg
  7097 | D:4      | XOM: enchant monster (good)
  7099 | D:4      | Killed Kairos's ghost
  7263 | D:4      | Found a staircase to the Ecumenical Temple.
  7274 | D:4      | XOM: scenery: create altars
  7507 | D:3      | Killed Natasha the ooze
  7874 | D:3      | XOM: cloud trail
  7883 | D:3      | XOM: scenery: 1 doors close
  8055 | D:3      | Killed zero's ghost
  8550 | D:3      | XOM is BORED!
  8550 | D:3      | XOM: 3-stop teleportation journey
  8983 | D:3      | XOM: god gift: fan of gales {god gift}
  9041 | D:3      | XOM: summons 3 hostile shadow creatures
  9105 | D:2      | XOM is BORED!
  9105 | D:2      | XOM: mild Tmut miscast
  9122 | D:2      | Noticed Crazy Yiuf
  9124 | D:2      | Killed Crazy Yiuf
  9184 | D:3      | XOM: cloud trail
  9318 | D:8      | XOM: god gift: dagger {god gift}
  9331 | D:8      | XOM: harmless Erth miscast
  9402 | D:8      | Noticed a death yak
  9402 | D:8      | XOM: cast spell 'Summon Ice Beast'
  9420 | D:8      | Killed a death yak
  9420 | D:8      | Reached XP level 10. HP: 65/79 MP: 10/10
  9493 | D:8      | Found a staircase to the Lair.
  9495 | D:8      | Noticed a death yak
  9495 | D:8      | Noticed a storm dragon
  9495 | D:8      | a death yak changed into a storm dragon
  9495 | D:8      | XOM: polymorph death yak -> storm dragon
  9505 | D:8      | XOM: enchant monster (good)
  9509 | D:8      | Noticed a two-headed ogre
  9533 | D:7      | XOM: noise
  9535 | D:7      | HP: 2/79 [two-headed ogre/giant spiked club (10)]
  9537 | D:7      | Killed a two-headed ogre
  9562 | D:7      | XOM: 1-stop teleportation journey
  9801 | D:7      | XOM: scenery: create altars
 10157 | D:9      | XOM: fog
 10166 | D:9      | XOM: summons 10 friendly demons
 10180 | D:9      | XOM: god gift: mace {god gift}
 10508 | D:9      | Found a shadowy altar of Dithmenos.
 10641 | D:9      | XOM: mild Tloc miscast
 10659 | D:9      | XOM: harmless Air miscast
 10673 | D:10     | Entered Level 10 of the Dungeon
 10828 | D:10     | XOM: harmless Necr miscast
 10925 | D:10     | XOM: scenery: 1 doors close
 10929 | D:10     | Reached skill level 1 in Evocations
 11345 | D:10     | XOM: silly message
 11396 | D:10     | XOM: potion effect (might)
 11493 | D:10     | Found a staircase to the Orcish Mines.
 11605 | D:10     | Noticed a two-headed ogre
 11917 | D:10     | XOM: cloud trail
 12023 | D:11     | XOM: potion effect (brilliance)
 12316 | D:11     | Found the ring of the Octopus King
 12321 | D:11     | XOM: scenery: 2 doors open
 12324 | D:11     | XOM: confusion (+ monsters)
 12340 | D:11     | XOM: cast spell 'Metabolic Englaciation'
 12345 | D:11     | Reached XP level 11. HP: 89/89 MP: 14/14
 12354 | D:11     | Got a ring of the Octopus King
 12355 | D:11     | Identified a ring of the Octopus King {rC+ AC+1 EV+1 Str+1 Int+1 Dex+1} (You found it on level 11 of the Dungeon)
 12509 | D:11     | XOM: swap monsters
 12558 | D:11     | XOM: confusion (+ monsters)
 12560 | D:11     | XOM: 4-stop teleportation journey
 12645 | D:11     | XOM is BORED!
 12645 | D:11     | XOM: severe Tmut miscast
 12744 | D:11     | Reached skill level 5 in Evocations
 13273 | D:12     | XOM: stealth player
 13274 | D:12     | Noticed a red ugly thing
 13324 | D:10     | Killed a two-headed ogre
 13550 | D:8      | Noticed a death yak
 13550 | D:8      | XOM: enchant monster (good)
 13566 | D:7      | XOM: divination: detect items
 13576 | D:7      | XOM: blink monster(s)
 13595 | D:7      | Killed a death yak
 13747 | D:7      | XOM: cloud trail
 13754 | D:8      | XOM: fog
 13761 | D:8      | XOM: cleaving
 13881 | D:7      | XOM: scenery: create altars
 14028 | D:8      | Killed from afar by a storm dragon
